 Dungeon Crawl Stone Soup version 0.24.0-125-gc4c63601f3 (webtiles) character file.

Game seed: 4077153978365256641, levelgen mode: deterministic

70 solus13 the Firebug (level 4, -1/33 HPs)
             Began as a Draconian Fire Elementalist on Mar 20, 2020.
             Slain by an adder (4 damage)
             ... on level 2 of the Dungeon on Mar 21, 2020.
             The game lasted 00:11:39 (1022 turns).

solus13 the Firebug (Draconian Fire Elementalist)   Turns: 1022, Time: 00:11:39

Health: -1/33      AC:  5    Str: 10    XL:     4   Next: 4%
Magic:  3/7        EV: 12    Int: 17    God:
Gold:   67         SH:  0    Dex: 11    Spells: 7/8 levels left

rFire    . . .     SeeInvis .   a - +0 hand axe (flame)
rCold    . . .     Gourm    .   (no shield)
rNeg     . . .     Faith    .   (armour unavailable)
rPois    .         Spirit   .   (helmet restricted)
rElec    .         Reflect  .   (no cloak)
rCorr    .         Harm     .   (no gloves)
MR       .....                  (no boots)
Stlth    ++........             (no amulet)
HPRegen  0.11/turn              (no ring)
MPRegen  0.10/turn              (no ring)

@: very slightly contaminated
A: unfitting armour, cold-blooded, AC +5
a: no special abilities


You were on level 2 of the Dungeon.
You were not hungry.

You visited 1 branch of the dungeon, and saw 2 of its levels.

You collected 67 gold pieces.

Inventory:

Hand Weapons
 a - a +0 hand axe of flaming (weapon)
 e - a cursed -2 dagger
Armour
 g - a +0 pair of gloves
Scrolls
 d - 2 scrolls of enchant armour {unknown}
 h - 2 scrolls of identify {unknown}
 i - a scroll of teleportation {unknown}
 k - a scroll of blinking {unknown}
Potions
 c - a potion of heal wounds {unknown}
 f - a potion of haste {unknown}
Comestibles
 b - a ration
 j - a chunk of flesh


   Skills:
 + Level 0.2 Fighting
 + Level 0.8 Axes
 + Level 2.3 Dodging
 - Level 1.9 Stealth
 + Level 2.5 Spellcasting
 + Level 1.3 Conjurations
 + Level 3.8 Fire Magic


You had 7 spell levels left.
You knew the following spells:

 Your Spells              Type           Power        Failure   Level  Hunger
a - Flame Tongue          Conj/Fire      ##...        6%          1    #......

Your spell library contained the following spells:

 Spells                   Type           Power        Failure   Level  Hunger
 Throw Flame              Conj/Fire      ##....       10%         2    ##.....
 Conjure Flame            Conj/Fire      ##......     19%         3    ###....
 Inner Flame              Hex/Fire       #.......     26%         3    ###....
 Sticky Flame             Conj/Fire      ##......     54%         4    #####..
 Fireball                 Conj/Fire      ##........   87%         5    ######.


Dungeon Overview and Level Annotations

Branches:
Dungeon (2/15)

Altars:
Makhleb

Annotations:
D:2 Sigmund


Innate Abilities, Weirdness & Mutations

Your plain brown scales are hard. (AC +5)
You cannot fit into any form of body armour.
You are cold-blooded and may be slowed by cold attacks.


Message History

Aim: an adder You miscast Flame Tongue.
Nothing appears to happen.
Something barely misses you. The adder closely misses you.
You barely miss the adder. The adder barely misses you.
Something hits you but does no damage. The adder bites you.
You hit the adder. You burn the adder.
The adder is heavily wounded.
The adder barely misses you. Something hits you. The adder closely misses you.
You barely miss the adder.
Your tail-slap misses the adder.
The adder is heavily wounded.
The adder barely misses you. Something hits you.
You hit the adder but do no damage.
The adder is heavily wounded.
The adder bites you but does no damage. The adder barely misses you.
You barely miss the adder.
The adder is heavily wounded.
Something hits you!
* * * LOW HITPOINT WARNING * * *
The adder bites you.
You die...

#.......# #.####.##.####
######..###............#
#........###)#.##.#
#...................
######.#.##...#.....
#.#....... ....
#######.#........ #..
........#.###..#.. #
.....##@#.# #...... ....
#S#.###.......
.....##.#.......
................
##.....#####.... #.....
. #..... ######


You could see an adder.

Vanquished Creatures
  A hound (D:2)
  An ooze (D:1)
  A worm (D:2)
  A dart slug (D:1)
  2 leopard geckos
  3 giant cockroaches
  3 goblins
  2 hobgoblins (D:1)
  A kobold (D:2)
  A ball python (D:1)
  7 bats (D:1)
  3 frilled lizards
  6 rats
32 creatures vanquished.

Notes
Turn   | Place    | Note
-------+----------+-------------------------------------------
     0 | D:1      | solus13 the Draconian Fire Elementalist began the quest for
                  | the Orb.
     0 | D:1      | Reached XP level 1. HP: 14/14 MP: 3/3
   299 | D:1      | Reached XP level 2. HP: 20/20 MP: 1/5
   826 | D:2      | Reached XP level 3. HP: 26/26 MP: 4/6
   953 | D:2      | Reached XP level 4. HP: 22/33 MP: 7/7
   966 | D:2      | Found a burning altar of Makhleb.
  1006 | D:2      | Noticed Sigmund
  1022 | D:2      | Slain by an adder

Levels and vault maps discovered:
D:1:      giann_bridges, layout_loops_cross, st_stairs_5
D:2:      layout_basic, nicolae_overflow_crystal_walls, first_ration,
          makhleb_heckhound_becter, uniq_sigmund, uniq_jessica

Skill      XL: |  1 |
---------------+----+-----
Dodging        | 2 |  2.3
Fighting       | |  0.2
Axes           | |  0.8
Stealth        | |  1.9
Spellcasting   | |  2.5
Conjurations   | |  1.3
Fire Magic     | |  3.8

Action                   |  1- 3 |  4- 6 || total
-------------------------+-------+-------++-------
Melee: Hand axe          |    61 |     7 ||    68
       Tailslap          |     7 |       ||     7
 Cast: Flame Tongue      |    19 |     7 ||    26
 Stab: Sleeping          |     2 |       ||     2
  Eat: Chunk             |       |     1 ||     1
Armor: Skin              |    20 |     1 ||    21
Dodge: Dodged            |    59 |     9 ||    68
